 Dungeon Crawl Stone Soup version 0.15-a0-1472-ge546950 (webtiles) character file.

713 Nieveh the Skirmisher (level 7, -3/58 HPs)
             Began as a Vine Stalker Berserker on June 13, 2014.
             Was a Priest of Trog.
             Killed from afar by Pikel (6 damage)
             ... with a wand of frost
             ... on Level 4 of the Dungeon.
             The game lasted 00:37:38 (2796 turns).

Nieveh the Skirmisher (Vine Stalker Berserker)      Turns: 2796, Time: 00:37:38

HP  -3/58        AC  9     Str 28      XL: 7   Next: 69%
MP   0/9         EV 10     Int  7      God: Trog [***...]
Gold 183         SH  0     Dex 17      Spells:  0 memorised,  6 levels left

rFire  + . .     SeeInvis .     a - +0 short sword
rCold  . . .     Clarity  .     s - +2 ring mail {rF+}
rNeg   . . .     rCorr    .     (no shield)
rPois  .         rRot     +     d - +0 helmet
rElec  .         Spirit   +     k - +0 cloak
SustAb .         Warding  .     (no gloves)
rMut   .         Stasis   .     (no boots)
Gourm  .                        (no amulet)
MR     .....                    w - +2 ring of strength
                                q - +3 ring of dexterity

@: berserking (expiring), very quick, not resistant to hostile enchantments,
extremely unstealthy
A: fangs 2, regeneration 2, magic shield, antimagic bite, no device heal 3, rot
immunity
a: Burn Spellbooks, Berserk, Trog's Hand, Renounce Religion


You were on level 4 of the Dungeon.
You worshipped Trog.
Trog was most pleased with you.
You were not hungry.

You visited 1 branch of the dungeon, and saw 4 of its levels.

You collected 183 gold pieces.

Inventory:

Hand weapons
 a - a +0,+0 short sword (weapon)
Missiles
 i - 6 javelins (quivered)
Armour
 b - a +0 animal skin
 d - a +0 helmet (worn)
 h - a +0 large shield
 k - a +0 cloak (worn)
 s - a +2 ring mail of fire resistance (worn)
Comestibles
 c - 2 bread rations
Scrolls
 e - a scroll of enchant weapon II
 f - 2 scrolls of remove curse
 g - 2 scrolls of noise {unknown}
 j - 2 scrolls of fog
 l - 2 scrolls of immolation {unknown}
 n - 2 scrolls of teleportation {unknown}
 p - 2 scrolls of enchant armour {unknown}
 r - a scroll of blinking {unknown}
 u - a scroll of fear
 y - a scroll of amnesia {unknown}
Jewellery
 q - a +3 ring of dexterity (left hand)
 t - a +5 ring of intelligence
 w - a +2 ring of strength (right hand)
 z - an uncursed ring of protection from fire
Potions
 m - a potion of restore abilities {unknown}
 o - 2 potions of magic {unknown}
 x - a potion of curing {unknown}
Books
 v - a book of the Earth

   Spells                             Type                      Level
   Leda's Liquefaction                Hexes/Earth                  4
   Bolt of Magma                      Conjuration/Fire/Earth       5
   Statue Form                        Transmutation/Earth          6
   Iron Shot                          Conjuration/Earth            6
   Shatter                            Earth                        9
   Trog disapproves of the use of such an item.


   Skills:
 * Level 5.3 Fighting
 * Level 5.2 Short Blades
 + Level 2.1 Armour
 - Level 1.5 Dodging
 + Level 3.1 Shields


You had 6 spell levels left.
You didn't know any spells.

Dungeon Overview and Level Annotations

Branches:
Dungeon (4/15)
 Temple: D:4-7

Altars:
Dithmenos
Elyvilon
Makhleb
Okawaru
Trog

Annotations:
D:4 Pikel


Innate Abilities, Weirdness & Mutations

You have extremely sharp teeth.
You heal very quickly.
When hurt, damage is shared between your health and your magic reserves.
Your bite disrupts and absorbs the magic of your enemies.
Potions and wands cannot restore your health.
You are immune to rotting.


Message History

The slave hits you.
* * * LOW HITPOINT WARNING * * *
You barely miss Pikel.
Pikel is almost dead.
The slave hits you.
* * * LOW HITPOINT WARNING * * *
Pikel zaps a wand.
The puff of frost misses you.
You barely miss Pikel. Your bite misses Pikel.
Pikel is almost dead.
The slave barely misses you. The slave hits you but does no damage.
You closely miss Pikel. You bite Pikel, but do no damage.
Pikel is almost dead.
Pikel zaps a wand.
The puff of frost hits you!
* * * LOW HITPOINT WARNING * * *
You barely miss Pikel. Your bite misses Pikel.
Pikel is almost dead.
The slave barely misses you. The slave hits you.
* * * LOW HITPOINT WARNING * * *
Pikel zaps a wand.
The puff of frost hits you!
You die...

#########################
.........................
o.........................
o.K.p...op................
p########Kp...............
#@p...............
#.................
#.................
#......#####...... #.
#......#...#...... #.
#......#...#.##### #.
#......#''##.# #
#.########............# #
#.....................# #


You could see Pikel, 3 slaves and an orc.

Vanquished Creatures
  Grinder (D:3)
  The ghost of ghwc the Skirmisher, an average MiFi of Qazlal (D:4)
  A slave (D:4)
  Sigmund (D:4)
  Blork the orc (D:4)
  An orc wizard (D:4)
  A worker ant (D:4)
  Ijyb (D:2)
  Jessica (D:3)
  3 gnolls (D:2)
  2 adders
  2 giant geckos
  3 orcs (D:4)
  11 goblins
  4 hobgoblins
  4 jackals (D:3)
  10 kobolds
  11 bats
  2 giant cockroaches
  3 giant newts
  16 rats
80 creatures vanquished.

Notes
Turn   | Place    | Note
--------------------------------------------------------------
     0 | D:1      | Nieveh, the Vine Stalker Berserker, began the quest for the Orb.
     0 | D:1      | Reached XP level 1. HP: 11/11 MP: 1/1
   178 | D:1      | Reached XP level 2. HP: 13/16 MP: 3/3
   196 | D:1      | Reached skill level 3 in Fighting
   620 | D:2      | Reached XP level 3. HP: 20/20 MP: 4/4
   998 | D:2      | Acquired Trog's second power
  1049 | D:2      | Found a white marble altar of Elyvilon.
  1124 | D:2      | Reached skill level 1 in Shields
  1127 | D:2      | Noticed Ijyb
  1192 | D:2      | Killed Ijyb
  1192 | D:2      | Reached XP level 4. HP: 20/24 MP: 5/5
  1269 | D:2      | Found a shadowy altar of Dithmenos.
  1713 | D:2      | Found a bloodstained altar of Trog.
  1838 | D:3      | Reached XP level 5. HP: 26/29 MP: 7/7
  1863 | D:3      | Found an iron altar of Okawaru.
  1891 | D:3      | Noticed Jessica
  1898 | D:3      | Killed Jessica
  1981 | D:3      | Noticed Grinder
  1987 | D:3      | Killed Grinder
  1987 | D:3      | Reached skill level 4 in Fighting
  1987 | D:3      | Gained mutation: You heal very quickly. [vine stalker growth]
  1987 | D:3      | Reached XP level 6. HP: 34/34 MP: 8/8
  2209 | D:3      | Found a burning altar of Makhleb.
  2467 | D:4      | Noticed ghwc's ghost (average MiFi)
  2477 | D:4      | Killed ghwc's ghost
  2477 | D:4      | Reached skill level 5 in Fighting
  2477 | D:4      | Reached XP level 7. HP: 39/39 MP: 9/9
  2554 | D:4      | Reached skill level 5 in Short Blades
  2577 | D:4      | Noticed Sigmund
  2582 | D:4      | Killed Sigmund
  2625 | D:4      | Noticed Blork the orc
  2632 | D:4      | Killed Blork the orc
  2770 | D:4      | Noticed Pikel
  2796 | D:4      | Killed from afar by Pikel

Action                   |  1- 3 |  4- 6 |  7- 9 || total
-------------------------+-------+-------+-------++-------
Melee: Short sword       |   135 |    90 |    40 ||   265
Invok: Berserk           |       |     3 |     3 ||     6
       Trog's Hand       |       |     2 |       ||     2
  Use: Scroll            |       |       |     6 ||     6
